 Dungeon Crawl Stone Soup version 0.26-a0-720-g2a1d101370 (webtiles) character file.

Game seed: 12476312263750793737

4631 runemasterragnar the Slasher (level 10, -4/68 HPs)
             Began as an Octopode Fighter on Nov 3, 2020.
             Was an Initiate of Gozag.
             Slain by an orc warrior
             ... wielding a +0 war axe
              (7 damage)
             ... on level 8 of the Dungeon on Nov 4, 2020.
             The game lasted 00:11:09 (10101 turns).

runemasterragnar the Slasher (Octopode Fighter)    Turns: 10101, Time: 00:11:09

Health: -4/68      AC:  5    Str: 19    XL:     10   Next: 42%
Magic:  19/19      EV: 14    Int: 13    God:    Gozag
Gold:   659        SH: 10    Dex: 12    Spells: 9/9 levels left

rFire    . . .     SeeInvis +   a - +5 scimitar
rCold    . . .     Faith    .   b - +0 kite shield
rNeg     + . .     Spirit   .   (helmet restricted)
rPois    .         Reflect  .   t - amulet of Ashenzari's Scorn {RegenMP rN+ Str+3}
rElec    .         Harm     .   k - +4 ring of protection
rCorr    .         Rampage  .   d - ring of see invisible
MR       .....                  y - ring of magical power
Stlth    +++++.....             z - ring of stealth
HPRegen  0.21/turn              (no ring)
MPRegen  0.41/turn              (no ring)
                                (no ring)
                                (no ring)

@: about to teleport, gold aura, hasted, very quick
A: almost no armour, stealthy swim, amphibious, 8 rings, constrict 8, camouflage
1, gelatinous body 1
a: Potion Petition, Call Merchant, Bribe Branch, Renounce Religion


You were on level 8 of the Dungeon.
You worshipped Gozag.
Gozag was pleased with you.
You visited 2 branches of the dungeon, and saw 9 of its levels.

You collected 1178 gold pieces.
You paid 519 gold pieces to Gozag.

Inventory:

Hand Weapons
 a - a +5 scimitar (weapon)
 e - a +0 dagger of holy wrath
 o - a +1 dagger of draining
 x - a +2 hunting sling of flaming
Missiles
 c - 6 boomerangs (quivered)
 p - 14 poisoned darts
 C - 90 sling bullets
Armour
 b - a +0 kite shield (worn)
Jewellery
 d - a ring of see invisible (right tentacle)
 k - a +4 ring of protection (left tentacle)
 s - an uncursed amulet of magic regeneration {unknown}
 t - the amulet of Ashenzari's Scorn (around mantle) {RegenMP rN+ Str+3}
   (You found it on level 4 of the Dungeon)

   [amulet of magic regeneration]

   It increases your magic regeneration.
   It affects your strength (+3).
   It protects you from negative energy.
 y - a ring of magical power (on tentacle)
 z - a ring of stealth (on tentacle)
Wands
 r - a wand of polymorph (6)
 A - a wand of disintegration (8)
Scrolls
 f - 3 scrolls of teleportation
 g - a scroll of enchant weapon
 h - 2 scrolls of random uselessness
 i - 4 scrolls of fog
 j - 9 scrolls of remove curse
 l - a scroll of noise {unknown}
 m - a scroll of blinking {unknown}
 q - a scroll of immolation
 u - a scroll of magic mapping
Potions
 n - 4 potions of curing
 v - 2 potions of degeneration
 w - a potion of invisibility
 B - a potion of heal wounds
 D - 2 potions of resistance


   Skills:
 + Level 6.0 Fighting
 * Level 7.9 Long Blades
 + Level 5.3 Throwing
 + Level 6.0 Dodging
 + Level 7.3 Stealth
 + Level 5.9 Shields
 + Level 5.0 Unarmed Combat


You had 9 spell levels left.
You didn't know any spells.
Your spell library was empty.

Dungeon Overview and Level Annotations

Branches:
Dungeon (8/15)             Temple (1/1) D:4
   Lair: D:8-11

Altars:
Ashenzari
Cheibriados
Dithmenos
Fedhas
Gozag
Makhleb
Okawaru
Sif Muna
Vehumet
Zin
The Shining One


Innate Abilities, Weirdness & Mutations

You cannot wear most types of armour.
You are very stealthy in the water. (Stealth+)
You are amphibious.
You can wear up to eight rings at the same time.
You can use your tentacles to constrict eight enemies at once.
Your skin changes colour to match your surroundings (Stealth+).
Your rubbery body absorbs attacks. (AC +1, EV +1)


Message History

The black bear bites you.
* * * LOW HITPOINT WARNING * * *
The black bear closely misses you. You block the black bear's attack.
The water moccasin barely misses you.
You riposte.
You closely miss the water moccasin. Your grab misses the water moccasin.
You squeeze the water moccasin.
The water moccasin is moderately wounded.
Unknown command.
Unknown command.
Unknown command.
Unknown command.
You hit the orc warrior but do no damage.
You grab the orc warrior. You squeeze the orc warrior.
The orc warrior is heavily wounded.
You constrict the orc warrior, but do no damage.
You block the quokka skeleton's attack. You block the bullfrog zombie's attack.
You block the water moccasin's attack.
The orc warrior hits you with a +0 war axe!
You die...
Your body crumbles into a pile of gold.

####### ##[....#
###..#'''# ##...##...##
##..###..#..###
##..##..$###...#*
##..##..#.Z#S.#..#*
######..##.Z###B@Z##*.Z**
.......##.#.,#Zo#hS#,,#,**
########)*##(.z###l.$#**,*
#*,#..#.,*lZ#..#,**
*#..###,,,*#*..#*
###.,*,,*,,*,,##
#.#*,,,***,,,**
#########.#***,,*,,***
.<..[..##.# **,$,**


You could see an orc warrior, a water moccasin, a black bear, an iguana, a
worker ant, a wight, an adder, a bullfrog zombie, an adder skeleton, a quokka
skeleton and a hound skeleton.

Vanquished Creatures
  A cyclops (D:8)
  Joseph (D:8)
  Maggie (D:8)
  Grinder (D:5)
  Duvessa (D:7)
  2 black bears (D:6)
  3 ice beasts
  5 orc warriors
  A sky beast (D:8)
  A necrophage (D:6)
  4 ogres
  A centaur (D:8)
  2 big kobolds
  2 bullfrogs
  Dowan (D:7)
  2 scorpions
  4 wights (D:8)
  5 killer bees (D:6)
  2 bullfrog zombies
  2 howler monkeys (D:7)
  A quasit (D:7)
  2 hounds (D:8)
  3 orc priests
  9 worker ants
  5 orc wizards
  2 hound skeletons
  A worker ant zombie (D:7)
  10 adders
  A shadow imp (D:7)
  2 white imps
  3 adder skeletons
  An adder zombie (D:7)
  A worm (D:2)
  3 dart slugs
  5 leopard geckos
  24 orcs
  2 ball pythons
  6 bats
  6 giant cockroaches
  8 goblins
  8 hobgoblins
  19 jackals
  5 quokkas
  5 frilled lizards
  A jackal skeleton (D:6)
  31 kobolds
  A leopard gecko zombie (D:7)
  6 rats
213 creatures vanquished.

Vanquished Creatures (others)
  An orc priest (D:7)
  58 plants
59 creatures vanquished.

Grand Total: 272 creatures vanquished

Notes
Turn   | Place    | Note
-------+----------+-------------------------------------------
     0 | D:1      | runemasterragnar the Octopode Fighter began the quest for
                  | the Orb.
     0 | D:1      | Reached XP level 1. HP: 16/16 MP: 1/1
    93 | D:1      | Reached XP level 2. HP: 16/21 MP: 2/2
   762 | D:1      | Reached skill level 1 in Stealth
   996 | D:2      | Reached XP level 3. HP: 16/26 MP: 3/3
  1032 | D:2      | Found a glowing golden altar of the Shining One.
  1257 | D:2      | Reached skill level 1 in Throwing
  1861 | D:3      | Reached XP level 4. HP: 31/31 MP: 4/4
  2064 | D:3      | Found a faded altar of an unknown god.
  2091 | D:3      | Reached skill level 1 in Unarmed Combat
  2091 | D:3      | Reached XP level 5. HP: 16/36 MP: 5/5
  2803 | D:4      | Reached XP level 6. HP: 25/42 MP: 6/6
  3375 | D:4      | Found a staircase to the Ecumenical Temple.
  3389 | Temple   | Entered the Ecumenical Temple
  3505 | Temple   | Became a worshipper of Gozag Ym Sagoz the Greedy
  3613 | D:4      | Found a shadowy altar of Dithmenos.
  3741 | D:4      | Reached XP level 7. HP: 40/47 MP: 7/7
  3809 | D:4      | Got a bound brass amulet
  4187 | D:4      | Identified the amulet of Ashenzari's Scorn {RegenMP rN+
                  | Str+3} (You found it on level 4 of the Dungeon)
  4233 | D:5      | Entered Level 5 of the Dungeon
  4773 | D:5      | Noticed Grinder
  4774 | D:5      | Paralysed by Grinder for 6 turns
  4790 | D:5      | Killed Grinder
  5346 | D:5      | Found an iron altar of Okawaru.
  5351 | D:5      | Reached XP level 8. HP: 49/54 MP: 8/8
  5551 | D:5      | Reached skill level 5 in Long Blades
  6309 | D:6      | Reached skill level 5 in Stealth
  6508 | D:6      | Reached XP level 9. HP: 48/60 MP: 9/9
  6993 | D:7      | Reached skill level 5 in Fighting
  7059 | D:7      | Reached skill level 5 in Dodging
  7196 | D:7      | Reached skill level 5 in Shields
  7292 | D:7      | Found a broken altar of Ashenzari.
  7293 | D:7      | Found a glowing silver altar of Zin.
  7295 | D:7      | Found a blossoming altar of Fedhas.
  7295 | D:7      | Found a radiant altar of Vehumet.
  7307 | D:7      | Noticed Duvessa
  7308 | D:7      | Noticed Dowan
  7314 | D:7      | Killed Duvessa
  7317 | D:7      | Killed Dowan
  8565 | D:8      | Noticed Maggie
  8578 | D:8      | Killed Maggie
  8949 | D:8      | Noticed Joseph
  8964 | D:8      | Killed Joseph
  8964 | D:8      | Reached XP level 10. HP: 61/68 MP: 10/10
  9223 | D:8      | Reached skill level 5 in Throwing
 10089 | D:8      | Noticed a cyclops
 10099 | D:8      | Killed a cyclops
 10099 | D:8      | Reached skill level 5 in Unarmed Combat
 10100 | D:8      | HP: 3/68 [black bear (4)]
 10101 | D:8      | Slain by an orc warrior

Illustrated notes

Levels and vault maps discovered:
D:1:      eino_arrival_cavern_b, layout_loops_ring
D:2:      layout_basic, serial_forest, infiniplex_forest_clump_small,
          infiniplex_forest_lined_corner, infiniplex_forest_zigzag_1,
          infiniplex_forest_lined_2, infiniplex_forest_straight_5,
          infiniplex_forest_fountain, infiniplex_forest_lined_corner,
          hangedman_abyss_or_decor_lesser_grid, chequers_serial_rivers_micro_b,
          nicolae_tso_swordbearing_angel
D:3:      layout_basic, chequers_ecumenical_altar_simple_redux
D:4:      layout_loops_ring, kennysheep_mini_moat,
          minmay_temple_entry_junction_2, corexii_hall_statues_s
D:5:      layout_basic, lemuel_crystal_altar, uniq_grinder
D:6:      layout_basic
D:7:      kennysheep_kobold_camp, layout_loops_ring,
          chequers_temple_overflow_statue_of_worship, nrook_loot_triangle,
          uniq_duvessa
D:8:      layout_loops_ring, kennysheep_kite_vault, uniq_maggie, uniq_joseph
Temple:   jpeg_temple_alley_garden

Skill      XL: |  1  2  3  4  5  6  7  8  9 10 |
---------------+-------------------------------+-----
Stealth        | 1 2 3 4 5 6 7 |  7.3
Throwing       | 1 2 3 4 5 |  5.3
Long Blades    | 3 4 6 7 |  7.9
Unarmed Combat | 1 2 3 4 5 |  5.0
Fighting       | 4 5 6 |  6.0
Dodging        | 4 5 6 |  6.0
Shields        | 4 5 |  5.9

Action                   |  1- 3 |  4- 6 |  7- 9 | 10-12 || total
-------------------------+-------+-------+-------+-------++-------
Melee: Long sword        |    68 |    89 |   212 |     9 ||   378
       Constrict         |    23 |    30 |    54 |    14 ||   121
       Tentacles         |    14 |    30 |    56 |    19 ||   119
       Dagger            |       |     5 |    20 |    34 ||    59
       Punch             |       |       |     6 |     3 ||     9
       Unarmed           |       |       |    35 |       ||    35
       Scimitar          |       |       |       |    39 ||    39
 Fire: Hunting sling     |       |       |    18 |    17 ||    35
Invok: Potion Petition   |       |       |     1 |     1 ||     2
Evoke: Wand              |       |       |       |     4 ||     4
  Use: Scroll            |     3 |     1 |     5 |     6 ||    15
       Potion            |       |       |     7 |       ||     7
 Stab: Sleeping          |    10 |     7 |    20 |     5 ||    42
       Distracted        |       |     1 |     1 |     1 ||     3
       Invisible         |       |       |     1 |       ||     1
Armor: Skin              |    19 |    26 |    75 |     7 ||   127
Dodge: Dodged            |    24 |    49 |    93 |    40 ||   206
Block: Kite shield       |    23 |    37 |   117 |    45 ||   222
       Rpst.: Long sword |     6 |    21 |    16 |     1 ||    44
       Scimitar          |       |       |       |     3 ||     3

Table legend: (Time is in decaauts)
 A = Elapsed time spent in this place.
 B = Non-inter-level travel time spent in this place.
 C = Inter-level travel time spent in this place.
 D = Time resting spent in this place.
 E = Time spent auto-exploring this place.
 F = Levels seen in this place.
 G = Mean time per level.
                   A        B        C        D        E       F      G
               +--------+--------+--------+--------+--------+-----+--------+
         Total |  10176 |   9910 |    266 |   1255 |   7125 |   9 | 1130.7 |
       Dungeon |  10034 |   9793 |    241 |   1255 |   7014 |   8 | 1254.2 |
        Temple |    141 |    116 |     25 |      0 |    111 |   1 |  141.0 |
               +--------+--------+--------+--------+--------+-----+--------+

Top non-repeatable levels by time:
     D:8: 1804 daAuts
     D:5: 1671 daAuts
     D:7: 1429 daAuts
     D:4: 1420 daAuts
     D:2: 1013 daAuts
     D:6: 983 daAuts
     D:1: 858 daAuts
     D:3: 851 daAuts
  Temple: 141 daAuts
